AoeStats
← natkhattj

Arabia

510315647Analyzed
1v1 RM · 24h ago on Sep 30, 2026· 53m 17s· 2 players
Game mode
Random Map
Map size
Tiny (2 player)
Population
200
Speed
Normal
Resources
Standard
Victory
Conquest
Starting age
Dark Age
Ending age
Imperial Age
RankedLock teamsTeams togetherTeam positionsShared explorationLock speedFull tech treeHidden civsTurbo modeCheats
Victory
Defeat
🇮🇳 Wei · India
1426
+13
🇩🇪 Khitans · Germany
1365
-13
natkhattj
6:13 Loom
9:26 Feudal Age
14:07 Double-Bit Axe
14:38 Horse Collar
16:43 Gold Mining
21:39 Castle Age
19:31 Stone Mining
19:57 Fletching
20:07 Padded Archer Armor
22:19 Bodkin Arrow
22:49 Bow Saw
24:02 Ballistics
25:03 Husbandry
27:55 Heavy Plow
29:38 Leather Archer Armor
32:05 Wheelbarrow
33:37 Stone Shaft Mining
33:38 Gold Shaft Mining
34:33 Town Watch
35:17 Fervor
37:53 Imperial Age
37:39 Bloodlines
38:12 Scale Barding Armor
38:18 Forging
38:40 Bracer
39:28 Ming Guang Armor
39:36 Chain Barding Armor
40:18 Forging
39:31 Heavy Hei Guang Cavalry
41:15 Forging
43:04 Hand Cart
43:39 Iron Casting
47:22 Crop Rotation
48:06 Parthian Tactics
47:44 Pikeman
48:24 Squires
48:10 Arson
48:26 Scale Mail Armor
49:26 Blast Furnace
48:25 Halberdier
49:25 Light Cavalry
50:21 Chain Mail Armor
51:21 Town Patrol
51:11 Hussar
53:18 Ring Archer Armor
53:18 Conscription
53:34 Hoardings
53:00 Tuntian
53:39 Hoardings
Rammenschaf
5:48 Loom
8:59 Feudal Age
9:29 Double-Bit Axe
10:22 Domestication
20:58 Castle Age
20:10 Scale Barding Armor
20:15 Forging
20:00 Fletching
20:30 Padded Archer Armor
21:05 Gold Mining
21:18 Elite Skirmisher
25:26 Bow Saw
25:20 Bodkin Arrow
25:40 Leather Archer Armor
26:02 Ballistics
33:21 Pastoralism
40:08 Imperial Age
39:29 Stone Mining
41:11 Chain Barding Armor
42:00 Chemistry
42:39 Bracer
44:06 Plate Barding Armor
44:16 Murder Holes
45:12 Arson
44:52 Heavy Camel Rider
Connection lost

Rejoining the realm…

Still unreachable

The connection could not be restored.

Session expired

The server has moved on; the page needs a fresh start.